Map: Frost LE

Players

mOriArti

  • Race: Terran Terran
  • League: Diamond

TheMagician - Winner!

  • Race: Protoss Protoss
  • League: Diamond

VOD

Have the link to the VOD?

Description

Time

  • Played on: Nov. 18, 2016, 11:20 p.m.
  • Length: 24:15
Show
View Real Time Build Order
Export as new Build Order

mOriArti Terran 

Build Orders: Reaper Expand 

Get SALT Encoding   

  12  0:01  SCV  
  13  0:13  SCV  
  14  0:25  SCV, Supply Depot  
  15  0:37  Refinery  
  15  0:46  SCV  
  15  0:49  Barracks  
  16  0:59  SCV  
  17  1:07  Refinery  
  17  1:11  SCV  
  18  1:23  SCV  
  19  1:36  Orbital Command  
  19  1:37  Reaper  
  20  1:53  Command Center  
  20  2:08  Supply Depot  
  20  2:18  SCV  
  21  2:22  Factory  
  21  2:23  Marine  
  22  2:31  SCV  
  24  2:47  Supply Depot  
  24  2:49  SCV  
  25  2:53  Barracks Tech Lab  
  24  3:00  Engineering Bay  
  24  3:02  SCV  
  25  3:10  Orbital Command  
  25  3:14  SCV  
  26  3:22  Siege Tank  
  26  3:23  Barracks Tech Lab  
  26  3:26  SCV  
  30  3:27  Missile Turret  
  30  3:31  Missile Turret  
  30  3:38  SCV  
  30  3:46  Starport  
  30  3:50  SCV x2  
  30  3:54  Siege Tank  
  35  4:05  SCV  
  35  4:08  Barracks Reactor  
  35  4:09  SCV  
  37  4:19  SCV  
  38  4:24  Supply Depot  
  38  4:37  Fusion Core  
  38  4:38  Supply Depot  
  38  4:42  SCV x2, Armory  
  40  4:47  Refinery  
  40  4:48  Supply Depot  
  40  4:50  Siege Tank  
  43  4:54  SCV  
  43  4:55  SCV  
  45  5:00  Refinery  
  45  5:06  SCV  
  46  5:09  SCV  
  46  5:12  Supply Depot  
  47  5:19  SCV  
  47  5:21  SCV  
  49  5:29  Battlecruiser  
  49  5:31  SCV  
  49  5:33  SCV  
  57  5:43  SCV  
  57  5:45  SCV, Supply Depot  
  57  5:46  Command Center  
  57  5:47  Weapon Refit  
  59  5:55  SCV  
  60  5:58  Missile Turret, SCV  
  60  6:01  Missile Turret  
  61  6:16  SCV  
  62  6:21  Terran Ship Weapons Level 1  
  62  6:26  Supply Depot  
  62  6:29  Supply Depot  
  62  6:33  Battlecruiser  
  67  6:45  SCV  
  68  6:54  Starport  
  68  7:01  Missile Turret x2, SCV  
  68  7:05  Missile Turret  
  69  7:18  Orbital Command  
  69  7:26  SCV  
  70  7:35  Missile Turret  
  70  7:37  Missile Turret x2  
  70  7:38  Battlecruiser  
  70  7:40  Missile Turret x2  
  70  7:41  Missile Turret  
  73  8:00  Orbital Command  
  73  8:08  SCV  
  73  8:10  Starport Tech Lab  
  71  8:26  SCV x2  
  70  8:38  SCV  
  71  8:42  Battlecruiser x2  
  71  8:46  Missile Turret  
  71  8:48  Missile Turret  
  83  8:50  Terran Ship Weapons Level 2  
  83  8:57  Missile Turret  
  83  8:58  Missile Turret  
  83  8:59  Missile Turret  
  83  9:01  Missile Turret  
  83  9:02  Missile Turret  
  83  9:08  Missile Turret  
  83  9:15  Supply Depot  
  83  9:16  Supply Depot  
  83  9:19  SCV x2  
  85  9:25  Refinery  
  85  9:27  Refinery  
  85  9:46  Battlecruiser x2  
  97  10:07  SCV  
  97  10:11  Missile Turret x2  
  97  10:12  Missile Turret  
  98  10:15  Missile Turret  
  98  10:17  SCV x2  
  98  10:18  Missile Turret  
  98  10:19  Missile Turret, SCV  
  99  10:31  SCV  
  99  10:43  Missile Turret  
  99  10:50  Missile Turret, Battlecruiser  
  99  10:51  Battlecruiser  
  99  10:52  Siege Tank  
  99  10:53  Factory  
  114  11:10  SCV  
  115  11:21  Terran Vehicle And Ship Armor Level 1  
  115  11:24  Supply Depot, Siege Tank  
  115  11:25  Supply Depot  
  118  11:29  Supply Depot  
  118  11:32  Supply Depot  
  108  11:55  Battlecruiser  
  108  11:56  Siege Tank  
  113  12:27  Battlecruiser  
  113  12:28  SCV  
  114  12:40  SCV  
  114  12:42  Factory Tech Lab  
  115  12:46  Command Center  
  115  12:49  Command Center  
  115  12:50  Command Center  
  115  12:58  Missile Turret  
  115  12:59  Battlecruiser  
  115  13:00  Missile Turret  
  121  13:09  SCV  
  122  13:32  Command Center  
  121  13:44  Siege Tank x2  
  127  13:50  SCV x2  
  129  14:08  SCV  
  130  14:14  Terran Ship Weapons Level 3  
  130  14:16  Siege Tank x2  
  106  14:36  SCV  
  88  14:43  Orbital Command  
  88  14:44  Orbital Command x2  
  76  14:48  Siege Tank x2  
  76  14:51  SCV  
  76  14:52  SCV  
  78  14:57  Planetary Fortress  
  78  15:03  SCV  
  78  15:04  SCV  
  68  15:20  Siege Tank x2  
  71  15:36  Refinery  
  71  15:47  Refinery  
  71  15:49  Refinery  
  71  15:52  Siege Tank  
  74  16:02  Siege Tank, Orbital Command  
  77  16:12  SCV  
  77  16:13  SCV  
  77  16:16  Factory  
  79  16:24  Factory, Siege Tank  
  74  16:34  Siege Tank  
  66  17:07  Marine  
  61  17:10  Battlecruiser  
  61  17:12  SCV  
  50  17:23  Battlecruiser  
  50  17:24  SCV  
  50  17:26  Cyclone  
  57  17:41  Cyclone  
  59  17:48  Refinery  
  59  17:50  Refinery  
  54  18:00  Cyclone  
  54  18:01  Cyclone  
  57  18:25  Cyclone  
  60  18:29  Cyclone  
  63  18:55  Cyclone x2  
  69  18:58  Cyclone  
  69  19:22  Cyclone  
  67  19:24  SCV  
  67  19:27  Cyclone x2  
  73  19:33  SCV x3  
  73  19:34  SCV  
  73  19:35  SCV  
  73  19:36  SCV  
  79  19:44  Cyclone  
  83  19:45  SCV x2  
  83  19:46  SCV  
  86  19:54  Cyclone  
  80  20:02  SCV  
  80  20:07  Cyclone  
  80  20:08  Cyclone  
  86  20:15  Command Center  
  86  20:16  Cyclone  
  89  20:38  Cyclone  
  89  20:39  Cyclone  
  89  20:45  SCV  
  89  20:46  SCV  
  91  20:50  Refinery  
  80  21:14  Cyclone  
  80  21:15  Cyclone x2  
  76  21:30  Command Center  
  76  21:31  Cyclone  
  79  21:47  Hellion x2, Cyclone  
  77  22:02  Missile Turret x3  
  77  22:04  Hellion  
  81  22:08  Hellion x2  
  68  22:19  Hellion  
  70  22:25  Hellion  
  70  22:30  Hellion x2  
  55  22:40  Hellion  
  55  22:43  Planetary Fortress  
  57  22:45  Missile Turret  
  57  22:46  Hellion  
  63  22:51  Hellion x2  
  63  23:02  Hellion  
  60  23:07  Refinery  
  60  23:08  Hellion  
  60  23:12  Cyclone x2  
  29  23:37  Missile Turret  
  29  23:38  SCV  
  26  23:50  Missile Turret  
Show
View Real Time Build Order
Export as new Build Order

TheMagician Protoss - Winner!

Build Orders: Carrier Rush 

Get SALT Encoding   

  12  0:01  Probe (Chrono Boost)  
  13  0:11  Probe (Chrono Boost)  
  14  0:22  Probe (Chrono Boost)  
  15  0:28  Pylon  
  15  0:47  Probe (Chrono Boost)  
  16  0:50  Gateway  
  16  0:53  Assimilator  
  16  0:57  Probe (Chrono Boost)  
  16  0:58  Assimilator  
  17  1:08  Probe (Chrono Boost)  
  19  1:18  Probe (Chrono Boost)  
  19  1:29  Probe (Chrono Boost)  
  19  1:31  Pylon  
  20  1:38  Cybernetics Core  
  20  1:40  Pylon  
  20  1:45  Probe (Chrono Boost)  
  21  1:56  Probe (Chrono Boost)  
  22  2:06  Probe (Chrono Boost)  
  23  2:18  Nexus  
  23  2:22  Probe (Chrono Boost)  
  25  2:40  Mothership Core (Chrono Boost)  
  26  2:47  Pylon  
  27  2:58  Probe (Chrono Boost)  
  29  3:09  Stargate, Probe (Chrono Boost)  
  29  3:12  Stargate  
  28  3:15  Assimilator  
  28  3:19  Probe (Chrono Boost)  
  29  3:30  Probe x2 (Chrono Boost)  
  31  3:40  Probe (Chrono Boost)  
  32  3:42  Probe (Chrono Boost)  
  33  3:51  Probe (Chrono Boost)  
  33  3:53  Probe (Chrono Boost)  
  33  3:54  Fleet Beacon  
  35  4:03  Probe (Chrono Boost)  
  35  4:04  Probe (Chrono Boost)  
  35  4:09  Assimilator  
  37  4:14  Probe (Chrono Boost)  
  37  4:15  Probe (Chrono Boost)  
  39  4:17  Pylon  
  39  4:21  Forge  
  39  4:24  Probe (Chrono Boost)  
  39  4:26  Pylon  
  40  4:35  Carrier  
  46  4:46  Carrier  
  52  4:54  Probe (Chrono Boost)  
  52  4:55  Probe (Chrono Boost)  
  54  5:04  Probe (Chrono Boost)  
  54  5:06  Probe (Chrono Boost)  
  56  5:10  Photon Cannon  
  56  5:14  Photon Cannon  
  56  5:17  Probe (Chrono Boost)  
  56  5:18  Probe (Chrono Boost)  
  58  5:21  Pylon  
  58  5:28  Probe x2 (Chrono Boost)  
  60  5:29  Pylon  
  60  5:48  Photon Cannon  
  60  5:58  Carrier  
  60  6:00  Carrier  
  60  6:03  Pylon  
  66  6:05  Graviton Catapult  
  66  6:10  Pylon  
  72  6:59  Warp Gate, Probe (Chrono Boost)  
  72  7:00  Protoss Shields Level 1  
  73  7:11  Probe (Chrono Boost)  
  74  7:16  Nexus  
  74  7:22  Pylon  
  76  7:24  Probe x2 (Chrono Boost)  
  88  7:31  Nexus  
  88  7:36  Probe x2 (Chrono Boost)  
  77  8:08  Void Ray  
  71  8:14  Void Ray  
  73  8:38  Probe (Chrono Boost)  
  74  8:45  Gateway x2, Void Ray  
  74  8:48  Gateway  
  74  8:49  Probe (Chrono Boost)  
  74  8:50  Gateway  
  74  8:51  Gateway x2  
  74  8:54  Gateway, Void Ray  
  79  8:56  Gateway  
  79  8:58  Probe (Chrono Boost)  
  79  8:59  Probe (Chrono Boost)  
  79  9:01  Probe (Chrono Boost)  
  86  9:04  Assimilator  
  86  9:08  Assimilator  
  86  9:13  Probe (Chrono Boost)  
  87  9:32  Cybernetics Core  
  87  9:37  Stalker, Pylon  
  99  9:40  Stalker x5, Pylon  
  99  9:42  Stalker, Pylon  
  101  10:02  Stalker  
  101  10:04  Probe (Chrono Boost)  
  101  10:06  Assimilator  
  88  10:07  Stalker  
  88  10:08  Assimilator  
  88  10:10  Stalker x4  
  98  10:14  Probe (Chrono Boost)  
  99  10:34  Stalker x2  
  99  10:35  Stalker  
  105  10:37  Stalker  
  105  10:39  Probe (Chrono Boost)  
  108  10:43  Twilight Council  
  108  10:46  Pylon  
  108  10:49  Probe (Chrono Boost)  
  109  10:51  Stalker x3  
  109  10:52  Nexus  
  109  10:55  Stalker  
  117  11:01  Pylon  
  117  11:04  Stalker  
  117  11:08  Forge  
  113  11:22  Assimilator  
  113  11:26  Assimilator  
  113  11:36  Blink  
  109  12:04  Pylon  
  109  12:05  Pylon  
  109  12:07  Pylon  
  108  12:09  Pylon  
  108  12:16  Pylon  
  108  12:17  Pylon  
  108  12:19  Pylon  
  108  12:21  Stalker x3  
  108  12:22  Stalker x2  
  108  12:23  Stalker x3  
  98  12:45  Probe x2 (Chrono Boost)  
  98  12:46  Probe (Chrono Boost)  
  101  12:51  Stalker x3  
  101  12:52  Stalker x2  
  101  12:53  Stalker  
  101  12:54  Pylon  
  101  12:55  Pylon  
  101  12:56  Probe (Chrono Boost)  
  114  13:06  Probe (Chrono Boost)  
  115  13:16  Stalker x2  
  115  13:19  Protoss Shields Level 2  
  119  13:21  Pylon  
  119  13:22  Pylon  
  119  13:24  Pylon  
  119  13:28  Pylon  
  118  13:42  Stalker x2  
  118  13:46  Stalker  
  118  13:47  Stalker x4  
  131  14:07  Stalker x2  
  133  14:19  Stalker  
  133  14:20  Stalker x3  
  127  14:29  Stalker  
  95  14:43  Stalker x5  
  95  14:44  Stalker  
  95  15:04  Nexus  
  93  15:08  Assimilator  
  93  15:12  Pylon  
  93  15:13  Photon Cannon  
  53  15:48  Adept x5  
  53  15:49  Adept x2  
  67  15:55  Probe (Chrono Boost)  
  68  16:00  Nexus  
  68  16:01  Probe (Chrono Boost)  
  69  16:06  Probe (Chrono Boost)  
  70  16:11  Stalker x2  
  70  16:12  Stalker x3  
  70  16:13  Stalker x2, Probe (Chrono Boost)  
  70  16:16  Pylon, Probe (Chrono Boost)  
  87  16:25  Probe (Chrono Boost)  
  87  16:27  Probe (Chrono Boost)  
  88  16:37  Probe x2 (Chrono Boost)  
  90  16:50  Probe (Chrono Boost)  
  80  16:55  Stalker x2  
  80  16:56  Stalker x5  
  68  17:33  Probe (Chrono Boost)  
  68  17:34  Probe (Chrono Boost)  
  68  17:35  Stalker  
  68  17:36  Stalker x6  
  82  17:39  Probe (Chrono Boost)  
  80  17:44  Probe x2 (Chrono Boost)  
  80  17:49  Probe (Chrono Boost)  
  82  17:54  Probe (Chrono Boost)  
  82  17:55  Probe (Chrono Boost)  
  84  18:06  Stalker  
  84  18:07  Stalker x5  
  94  18:16  Assimilator  
  94  18:20  Probe (Chrono Boost)  
  94  18:21  Assimilator  
  95  18:31  Stalker x3, Probe (Chrono Boost)  
  100  18:49  Stalker  
  100  18:50  Stalker x2  
  94  19:05  Stalker x3  
  94  19:06  Stalker  
  100  19:26  Probe (Chrono Boost)  
  100  19:27  Stalker x3  
  100  19:29  Stalker  
  109  19:34  Dark Shrine  
  109  19:37  Probe x2 (Chrono Boost)  
  111  19:47  Probe x2 (Chrono Boost)  
  103  20:08  Stalker x4  
  103  20:09  Stalker x3  
  117  20:39  Probe (Chrono Boost)  
  118  20:47  Nexus  
  118  20:49  Dark Templar x3  
  125  20:50  Dark Templar x3, Probe (Chrono Boost)  
  131  21:00  Probe (Chrono Boost)  
  87  21:26  Dark Templar x3  
  87  21:27  Dark Templar x4  
  101  21:36  Probe (Chrono Boost)  
  102  21:41  Mothership Core (Chrono Boost)  
  105  21:47  Probe (Chrono Boost)  
  104  21:59  Probe (Chrono Boost)  
  104  22:09  Probe (Chrono Boost)  
  105  22:20  Probe (Chrono Boost)  
  92  22:37  Dark Templar  
  92  22:38  Dark Templar x6  
  106  22:49  Pylon  
  106  22:52  Assimilator  
  106  22:55  Unknown  
  106  22:57  Assimilator  
  106  23:00  Pylon  
  76  23:32  Dark Templar x5  
  76  23:33  Dark Templar x2  
  90  23:38  Pylon  
  90  23:39  Probe (Chrono Boost)  
  90  23:41  Probe (Chrono Boost)  
  92  23:50  Probe (Chrono Boost)  
  92  23:51  Probe (Chrono Boost)  
  94  24:00  Probe (Chrono Boost)  
  94  24:02  Probe (Chrono Boost)  
Tags
 
Add a new tag
Caveats
  • Supply blocks, unpowered buildings, or Contaminate may cause inaccurate times.
  • Supply counts are checked every 10 seconds.